 Dungeon Crawl Stone Soup version 0.30-a0-852-g08b95dd62f (webtiles) character file.

Game seed: 5321951048187242608

16 dolemite99 the Shooter (level 2, -4/25 HPs)
             Began as a Hill Orc Hunter on Mar 4, 2023.
             Slain by Sigmund
             ... wielding a +5 scythe of protection
              (7 damage)
             ... on level 2 of the Dungeon.
             The game lasted 00:00:51 (674 turns).

dolemite99 the Shooter (Hill Orc Hunter)             Turns: 674, Time: 00:00:52

Health: -4/25      AC:  3    Str: 13    XL:     2   Next: 54%
Magic:  2/2        EV: 11    Int:  9    God:
Gold:   109        SH:  0    Dex: 14    Spells: 1/1 levels left

rFire   . . .      SeeInvis .    a - +1 shortbow
rCold   . . .      Faith    .    (shield currently unavailable)
rNeg    . . .      Spirit   .    c - +0 leather armour
rPois   .          Reflect  .    (no helmet)
rElec   .          Rampage  .    (no cloak)
rCorr   .                        (no gloves)
Will    .....                    (no boots)
Stlth   +                        (no amulet)
HPRegen 0.24/turn                (no ring)
MPRegen 0.08/turn                (no ring)

@: weak-willed
A: no striking features
a: no special abilities


You were on level 2 of the Dungeon.
You visited 1 branch of the dungeon, and saw 2 of its levels.

You collected 109 gold pieces.

Inventory:

Hand Weapons
 a - a +1 shortbow (weapon)
 d - a +0 hand axe
 j - a +0 war axe
Missiles
 l - 2 throwing nets
Armour
 c - a +0 leather armour (worn)
Scrolls
 b - a scroll of immolation
 f - a scroll of identify {@r1}
Potions
 h - a potion of lignification {unknown}
 i - a potion of heal wounds
 k - a potion of curing {unknown}


   Skills:
 - Level 2.4 Fighting
 + Level 4.2 Ranged Weapons
 - Level 1.5 Dodging
 - Level 0.7 Stealth


You had one spell level left.
You didn't know any spells.
Your spell library was empty.

Dungeon Overview and Level Annotations

Branches:
Dungeon (2/15)

Altars:

Annotations:
D:2 Robin, Sigmund


Message History

Your surroundings suddenly seem different. 2 goblins come into view.
A goblin comes into view. It is wielding a +0 dagger.
There are monsters nearby!
You shoot an arrow. The goblin shouts!
The arrow hits Sigmund!
Sigmund is moderately wounded.
Sigmund barely misses you. The adder closely misses you.
As you read the scroll labelled LONKUOMATO, it crumbles to dust.
It is a scroll of identify.
i - a potion of heal wounds The adder bites you.
The goblin hits you with a +0 dagger. Sigmund closely misses you.
As you read the scroll labelled FUGGO NALUTTAFI, it crumbles to dust.
Magic quickly surges around you.
It was a scroll of vulnerability.
The adder closely misses you. The goblin hits you but does no damage.
Robin throws the goblin at you! The goblin barely misses you.
As you read the scroll labelled OMUCUVVESU, it crumbles to dust.
It is a scroll of enchant weapon.
Your +0 shortbow glows red for a moment.
The adder bites you.
Sigmund hits you from afar with a +5 scythe of protection!
* * * LOW HITPOINT WARNING * * *
Robin roars a battlecry!
The goblins go into a battle-frenzy!
The goblin hits you but does no damage. The goblin barely misses you.
The goblin closely misses you. The goblin misses you. The adder bites you.
* * * LOW HITPOINT WARNING * * *
Okay, then.
Fire: a) +1 shortbow
Press: ? - help, Q - select action, (/) - cycle Shift-Dir - straight line, f/p - Sigmund
Aim: Sigmund, wielding a +5 scythe of protection and wearing a +1 robe (moderately wounded, weak-willed, 60% to hit)
You shoot an arrow. The arrow hits the goblin!
You kill the goblin!
The adder bites you.
* * * LOW HITPOINT WARNING * * *
The goblin hits you but does no damage.
Sigmund hits you from afar with a +5 scythe of protection!
You die...

#.. #.....'
###.....# . .
......#.#####....
.......<...#
...gggg....#
###.gg@....#
#gSg)....#
#gg@g....#
######...# ...#
...#


You could see Sigmund (weak-willed), Robin (weak-willed), an adder
(weak-willed), a hobgoblin (strong, weak-willed) and 9 goblins.

Vanquished Creatures
  2 bats (D:1)
  2 endoplasms (D:1)
  A giant cockroach (D:1)
  2 goblins
  3 hobgoblins (D:1)
  A frilled lizard (D:1)
  2 kobolds (D:1)
  2 rats (D:1)
15 creatures vanquished.

Notes
Turn   | Place    | Note
-------+----------+-------------------------------------------
     0 | D:1      | dolemite99 the Hill Orc Hunter began the quest for the Orb.
     0 | D:1      | Reached XP level 1. HP: 18/18 MP: 1/1
   369 | D:1      | Reached skill level 4 in Ranged Weapons
   369 | D:1      | Reached XP level 2. HP: 25/25 MP: 2/2
   411 | D:1      | Found a faded altar of an unknown god.
   615 | D:2      | Noticed Sigmund
   615 | D:2      | Noticed Robin
   674 | D:2      | Slain by Sigmund

Illustrated notes

Levels and vault maps discovered:
D:1:      elethiomel_arrival_maze, layout_basic, basic_ecumenical_altar,
          minmay_tetromino_t4
D:2:      layout_basic, uniq_crazy_yiuf_cottage, uniq_sigmund, uniq_robin

Skill      XL: |  1 |
---------------+----+-----
Ranged Weapons | 4 |  4.2
Fighting       | |  2.4
Dodging        | |  1.5
Stealth        | |  0.7

Action                     || total
---------------------------++-------
   Fire: Shortbow          ||    39
    Use: Scroll            ||     3
 Armour: Leather armour    ||    16
  Dodge: Dodged            ||    24

Table legend: (Time is in decaauts)
 A = Elapsed time spent in this place.
 B = Non-inter-level travel time spent in this place.
 C = Inter-level travel time spent in this place.
 D = Time resting spent in this place.
 E = Time spent auto-exploring this place.
 F = Levels seen in this place.
 G = Mean time per level.
                   A        B        C        D        E       F      G
               +--------+--------+--------+--------+--------+-----+--------+
         Total |    687 |    596 |     91 |     26 |    442 |   2 |  343.5 |
       Dungeon |    687 |    596 |     91 |     26 |    442 |   2 |  343.5 |
               +--------+--------+--------+--------+--------+-----+--------+

Top non-repeatable levels by time:
     D:1: 677 daAuts
     D:2: 10 daAuts
